 Dungeon Crawl Stone Soup version 0.29.1-15-g9cfb28693d (webtiles) character file.

Game seed: 1891711612916783217

623 Mortadella the Slasher (level 7, -5/60 HPs)
             Began as a Gnoll Cinder Acolyte on Apr 14, 2023.
             Was a Believer of Ignis.
             Slain by a black bear (6 damage)
             ... on level 4 of the Dungeon.
             The game lasted 01:04:11 (5079 turns).

Mortadella the Slasher (Gnoll Cinder Acolyte)       Turns: 5079, Time: 01:04:11

Health: -5/60      AC:  2    Str: 15    XL:     7   Next: 46%
Magic:  12/12      EV: 12    Int: 13    God:    Ignis [**....]
Gold:   102        SH:  5    Dex:  8    Spells: 13/13 levels left

rFire   + + .      SeeInvis +   b - +2 quarterstaff (chaos)
rCold   . . .      Faith    .   (shield currently unavailable)
rNeg    . . .      Spirit   .   (no body armour)
rPois   .          Reflect  +   (no helmet)
rElec   .          Harm     .   m - +1 cloak {rCorr}
rCorr   +          Rampage  .   (no gloves)
Will    .....                   (no boots)
Stlth   ++........              e - amulet of reflection
HPRegen 0.20/turn               c - ring of see invisible
MPRegen 0.13/turn               h - ring of protection from fire

@: no status effects
A: fangs 1, strong nose, distributed training
a: Renounce Religion, Fiery Armour, Foxfire Swarm


You were on level 4 of the Dungeon.
You worshipped Ignis.
Ignis was pleased with you.
You visited 1 branch of the dungeon, and saw 4 of its levels.

You collected 102 gold pieces.

Inventory:

Hand Weapons
 a - a -1 falchion of flaming
 b - a +2 quarterstaff of chaos (weapon)
Armour
 m - a +1 cloak of preservation (worn)
Jewellery
 c - a ring of see invisible (left hand)
 e - an amulet of reflection (around neck)
 h - a ring of protection from fire (right hand)
 i - a ring of resist corrosion
Wands
 d - a wand of paralysis (3)
 k - a wand of flame (13)
Scrolls
 j - 2 scrolls of teleportation {unknown}
 l - a scroll of poison
 o - a scroll of enchant weapon {unknown}
 p - a scroll of enchant armour {unknown}
 q - a scroll of amnesia {unknown}
 r - a scroll of immolation {unknown}
Potions
 f - a potion of curing {unknown}
 n - 2 potions of flight


   Skills:
 + Level 7.1 Fighting
 + Level 2.6 Short Blades
 + Level 7.1 Long Blades
 + Level 2.6 Axes
 + Level 2.6 Maces & Flails
 + Level 2.6 Polearms
 + Level 2.6 Staves
 + Level 2.6 Ranged Weapons
 + Level 2.6 Throwing
 + Level 2.6 Armour
 + Level 2.6 Dodging
 + Level 2.6 Stealth
 + Level 2.6 Shields
 + Level 2.6 Unarmed Combat
 + Level 3.9 Spellcasting
 + Level 2.1 Conjurations
 + Level 2.1 Hexes
 + Level 2.1 Summonings
 + Level 2.1 Necromancy
 + Level 2.1 Translocations
 + Level 2.1 Transmutations
 + Level 5.9 Fire Magic
 + Level 2.1 Ice Magic
 + Level 2.1 Air Magic
 + Level 2.1 Earth Magic
 + Level 2.1 Poison Magic
 + Level 2.9 Invocations
 + Level 2.6 Evocations


You had 13 spell levels left.
You didn't know any spells.
Your spell library contained the following spells:

 Spells                   Type           Power      Damage    Failure   Level
 Scorch                   Fire           34%        2d7       2%          2


Dungeon Overview and Level Annotations

Branches:
Dungeon (4/15)
 Temple: D:4-7

Altars:
Okawaru
Vehumet


Innate Abilities, Weirdness & Mutations

You have very sharp teeth.
Your uncanny sense of smell can sniff out nearby items.
Your experience applies equally to all skills.


Message History

You feel sick.
You are no longer poisoned.
p - a scroll labelled QIAZE IFAW An adder comes into view.
A black bear comes into view.
The black bear growls angrily.
You hear a shout! x2
The black bear bites you. The black bear closely misses you.
The black bear claws you.
You closely miss the black bear. Your bite misses the black bear.
You block the black bear's attack. The black bear misses you.
You block the black bear's attack.
You barely miss the black bear. The black bear bites you!
The black bear completely misses you.
The black bear claws you but does no damage.
You hit the black bear but do no damage.
The black bear bites you!
* * * LOW HITPOINT WARNING * * *
You block the black bear's attack. The black bear claws you.
* * * LOW HITPOINT WARNING * * *
As you read the scroll of butterflies, it crumbles to dust.
You hear the tinkle of a tiny bell.
The black bear barely misses you. The black bear completely misses you.
The black bear claws you but does no damage.
h - a ring of protection from fire (right hand)
You block the black bear's attack. The black bear claws you.
* * * LOW HITPOINT WARNING * * *
The black bear claws you.
* * * LOW HITPOINT WARNING * * *
Aiming: Throw Flame
Press: ? - help, Shift-Dir - straight line, f - black bear
Aim: a black bear (ally target, 79% to hit)
The puff of flame hits the black bear.
The black bear is moderately wounded.
You block the black bear's attack. The black bear misses you.
The black bear claws you.
* * * LOW HITPOINT WARNING * * *
Activating: Foxfire Swarm
Press: ? - help, Dir - look around, f - activate Flames leap up around you!
The black bear bites you.
You die...

.......#........................>
.......#.......##.............#..
#......###.#..###.............#..
#...... #.#..# #.............###
#.########+#..# #...."........#
#.........<###.b.b.........#
#.........bbb#vvbb.........#
#........b.#bvb............#
###......b..v@hvb..........#
#...##...###vb.##...######
#..###.#.#∆#b#.###..# ##. #...#
#...# #..# #. .###...###h....#
..∆#. ∆#.#. ∆ .#...# # .. #.#.#
.....# .. .# ###..# .. .#


You could see a black bear (ally target).

Vanquished Creatures
  A steam dragon (D:4)
  A centaur (D:3)
  2 scorpions (D:4)
  A hound (D:3)
  Crazy Yiuf (D:2)
  9 adders
  5 gnolls
  3 worms (D:2)
  3 dart slugs
  4 orcs
  3 bats
  8 endoplasms
  5 giant cockroaches
  12 goblins
  9 hobgoblins
  2 kobolds
  4 quokkas
  4 ball pythons
  4 frilled lizards
  4 rats
85 creatures vanquished.

Vanquished Creatures (others)
  34 foxfires
  2 fungi (D:2)
36 creatures vanquished.

Grand Total: 121 creatures vanquished

Notes
Turn   | Place    | Note
-------+----------+-------------------------------------------
     0 | D:1      | Mortadella the Gnoll Cinder Acolyte began the quest for the
                  | Orb.
     0 | D:1      | Reached XP level 1. HP: 23/23 MP: 4/4
   208 | D:1      | Reached XP level 2. HP: 25/29 MP: 5/5
   334 | D:1      | Found a faded altar of an unknown god.
   396 | D:1      | Reached XP level 3. HP: 15/35 MP: 7/7
   686 | D:1      | Reached skill level 1 in Invocations
   972 | D:2      | Reached skill level 1 in Short Blades
   972 | D:2      | Reached skill level 1 in Axes
   972 | D:2      | Reached skill level 1 in Maces & Flails
   972 | D:2      | Reached skill level 1 in Polearms
   972 | D:2      | Reached skill level 1 in Staves
   972 | D:2      | Reached skill level 1 in Ranged Weapons
   972 | D:2      | Reached skill level 1 in Throwing
   972 | D:2      | Reached skill level 1 in Armour
   972 | D:2      | Reached skill level 1 in Dodging
   972 | D:2      | Reached skill level 1 in Stealth
   972 | D:2      | Reached skill level 1 in Shields
   972 | D:2      | Reached skill level 1 in Unarmed Combat
   972 | D:2      | Reached skill level 1 in Evocations
   989 | D:2      | Reached XP level 4. HP: 33/41 MP: 8/8
  1438 | D:2      | Reached skill level 1 in Conjurations
  1438 | D:2      | Reached skill level 1 in Hexes
  1438 | D:2      | Reached skill level 1 in Summonings
  1438 | D:2      | Reached skill level 1 in Necromancy
  1438 | D:2      | Reached skill level 1 in Translocations
  1438 | D:2      | Reached skill level 1 in Transmutations
  1438 | D:2      | Reached skill level 1 in Ice Magic
  1438 | D:2      | Reached skill level 1 in Air Magic
  1438 | D:2      | Reached skill level 1 in Earth Magic
  1438 | D:2      | Reached skill level 1 in Poison Magic
  1863 | D:2      | Reached XP level 5. HP: 44/47 MP: 9/9
  2367 | D:2      | Found a runed translucent door.
  2368 | D:2      | Noticed Crazy Yiuf
  2612 | D:2      | Killed Crazy Yiuf
  3180 | D:3      | Noticed a centaur
  3701 | D:3      | Killed a centaur
  3702 | D:3      | Reached XP level 6. HP: 33/53 MP: 9/11
  4395 | D:4      | Found a radiant altar of Vehumet.
  4467 | D:4      | Found an iron altar of Okawaru.
  4780 | D:4      | Reached XP level 7. HP: 40/60 MP: 12/12
  5034 | D:4      | Noticed a steam dragon
  5048 | D:4      | Killed a steam dragon
  5078 | D:4      | HP: 1/60 [black bear (5)]
  5079 | D:4      | Slain by a black bear

Illustrated notes

Levels and vault maps discovered:
D:1:      wander_arrival_estate, layout_rooms, basic_ecumenical_altar
D:2:      layout_loops_ring, minivault_26,
          nicolae_concentric_dashed_squares_wild, uniq_crazy_yiuf_cottage
D:3:      layout_basic, kennysheep_another_room
D:4:      layout_basic, vehumet_crystals, mainiacjoe_overflow_tiny_flanked,
          nicolae_sif_muna_condensation, old_standard_altar, minmay_starry_boxes

Skill      XL: |  1  2  3  4  5  6  7 |
---------------+----------------------+-----
Invocations    | 1 2 |  2.9
Short Blades   | 1 2 |  2.6
Axes           | 1 2 |  2.6
Maces & Flails | 1 2 |  2.6
Polearms       | 1 2 |  2.6
Staves         | 1 2 |  2.6
Ranged Weapons | 1 2 |  2.6
Throwing       | 1 2 |  2.6
Armour         | 1 2 |  2.6
Dodging        | 1 2 |  2.6
Stealth        | 1 2 |  2.6
Shields        | 1 2 |  2.6
Unarmed Combat | 1 2 |  2.6
Evocations     | 1 2 |  2.6
Spellcasting   | 3 |  3.9
Conjurations   | 1 2 |  2.1
Hexes          | 1 2 |  2.1
Summonings     | 1 2 |  2.1
Necromancy     | 1 2 |  2.1
Translocations | 1 2 |  2.1
Transmutations | 1 2 |  2.1
Ice Magic      | 1 2 |  2.1
Air Magic      | 1 2 |  2.1
Earth Magic    | 1 2 |  2.1
Poison Magic   | 1 2 |  2.1
Fighting       | 7 |  7.1
Long Blades    | 7 |  7.1
Fire Magic     | |  5.9

Action                   |  1- 3 |  4- 6 |  7- 9 || total
-------------------------+-------+-------+-------++-------
Melee: Falchion          |    89 |   258 |    11 ||   358
       Bite              |     7 |    25 |       ||    32
       Punch             |     1 |     9 |       ||    10
       Quarterstaff      |       |       |     4 ||     4
Invok: Foxfire Swarm     |       |     3 |     2 ||     5
       Fiery Armour      |       |     1 |       ||     1
       Rising Flame      |       |     1 |       ||     1
Evoke: Wand              |       |     8 |     2 ||    10
  Use: Scroll            |     1 |     8 |     1 ||    10
       Potion            |       |     2 |     1 ||     3
Armor: Robe              |    11 |       |       ||    11
       Leather armour    |     5 |    20 |       ||    25
       Skin              |       |    15 |     4 ||    19
Dodge: Dodged            |    48 |   141 |    10 ||   199
Block: Other             |     7 |    48 |    10 ||    65
       Reflection        |       |     3 |       ||     3
